 Dungeon Crawl Stone Soup version 0.31-a0-161-gb58dd9be76 (webtiles) character file.

Game seed: 15447244381283156165

14679 olmar the Martial Artist (level 12, 0/92 HPs)
             Began as a Gnoll Transmuter on June 13, 2023.
             Was an Initiate of Gozag.
             Slain by a sun demon (16 damage)
             ... summoned by an orc high priest
             ... on level 1 of the Orcish Mines.
             The game lasted 00:30:23 (15946 turns).

olmar the Martial Artist (Gnoll Transmuter)        Turns: 15946, Time: 00:30:23

Health: 0/92       AC: 11    Str: 15    XL:     12   Next: 19%
Magic:  25/25      EV: 15    Int: 22    God:    Gozag
Gold:   3058       SH:  0    Dex: 13    Spells: 5/29 levels left

rFire   x .          .
                       - Unarmed
rCold   + . .        (no shield)
rNeg    . . .        a - +0 robe
rPois   .            C - +2 helmet
rElec   .            t - +1 cloak
rCorr   +            B - +2 pair of gloves
SInv    .            (no boots)
Will    .....        e - amulet of regeneration
Stlth   ++           y - +6 ring of intelligence
HPRegen 1.15/turn    M - ring of Youthful Indiscretion {Ice rCorr Str+4}
MPRegen 0.19/turn

%: no passive effects
@: on fire, glowing
A: fangs 1, strong nose, distributed training
a: Renounce Religion, Potion Petition, Call Merchant, Bribe Branch


You were on level 1 of the Orcish Mines.
You worshipped Gozag.
Gozag was most pleased with you.
You visited 3 branches of the dungeon, and saw 13 of its levels.
You also visited: Ossuary.

You collected 3201 gold pieces.
You paid 143 gold pieces to Gozag.

Inventory:

Hand Weapons
 p - a +5 dagger
 E - a +0 orcbow of flaming
Missiles
 f - 9 boomerangs
 g - a curare-tipped dart
 h - 68 poisoned darts (quivered)
Armour
 a - a +0 robe (worn)
 i - a +0 pair of gloves
 n - a +0 scale mail of fire resistance
 t - a +1 cloak (worn)
 A - a +1 ring mail of cold resistance
 B - a +2 pair of gloves (worn)
 C - a +2 helmet (worn)
 D - +0 swamp dragon scales
Jewellery
 e - an amulet of regeneration (around neck)
 y - a +6 ring of intelligence (left hand)
 I - a ring of fire
 M - the ring of Youthful Indiscretion (right hand) {Ice rCorr Str+4}
   (You acquired it on level 11 of the Dungeon)

   [ring of ice]

   It enhances your ice magic.
   Str:       It affects your strength (+4).
   rF:        It makes you vulnerable to fire.
   rC:        It protects you from cold.
   rCorr:     It protects you from acid and corrosion.
Wands
 k - a wand of flame (9)
 q - a wand of charming (2)
 x - a wand of iceblast (11)
 H - a wand of polymorph (11)
Scrolls
 c - 2 scrolls of fear
 d - 2 scrolls of fog
 j - 2 scrolls of revelation
 r - 2 scrolls of amnesia
 s - 5 scrolls of teleportation
 v - 2 scrolls of poison
 G - 2 scrolls of enchant weapon
 K - a scroll of enchant armour
 L - a scroll of silence {unknown}
 N - a scroll of torment {unknown}
Potions
 b - 4 potions of lignification
 l - 8 potions of curing
 m - 3 potions of degeneration
 o - 8 potions of enlightenment
 u - 4 potions of mutation
 w - a potion of brilliance
 z - 2 potions of haste
 F - 2 potions of cancellation
 J - 3 potions of might
 O - a potion of berserk rage {unknown}
 P - a potion of attraction {unknown}


   Skills:
 + Level 7.8 Fighting
 + Level 7.3 Short Blades
 + Level 7.3 Long Blades
 + Level 7.3 Axes
 + Level 7.3 Maces & Flails
 + Level 7.3 Polearms
 + Level 7.3 Staves
 + Level 7.3 Ranged Weapons
 + Level 7.3 Throwing
 + Level 7.3 Armour
 + Level 8.7 Dodging
 + Level 7.3 Stealth
 + Level 7.3 Shields
 + Level 9.9 Unarmed Combat
 + Level 9.0 Spellcasting
 + Level 6.0 Conjurations
 + Level 6.0 Hexes
 + Level 6.0 Summonings
 + Level 6.0 Necromancy
 + Level 6.0 Translocations
 + Level 7.2 Transmutations
 + Level 6.0 Fire Magic
 + Level 6.0 Ice Magic
 + Level 6.0 Air Magic
 + Level 6.0 Earth Magic
 + Level 6.0 Poison Magic
 + Level 8.0 Invocations
 + Level 7.3 Evocations


You had 5 spell levels left.
You knew the following spells:

 Your Spells              Type           Power      Damage    Failure   Level
a - Beastly Appendage     Tmut           82%        N/A       1%          1
b - Wereblood             Tmut           41%        N/A       1%          2
c - Spider Form           Tmut/Pois      39%        N/A       1%          3
d - Vampiric Draining     Necr           36%        2d8       1%          3
e - Ice Form              Ice/Tmut       56%        N/A       4%          4
f - Volatile Blastmotes   Fire/Tloc      72%        2d16      1%          3
g - Fulminant Prism       Conj/Hex       18%        3d10      5%          4
h - Summon Ice Beast      Ice/Summ       53%        N/A       5%          4

Your spell library contained the following spells:

 Spells                   Type           Power      Damage    Failure   Level
 Necrotise                Necr           100%       1d9       1%          1
 Static Discharge         Conj/Air       72%        2-5/arc   1%          2
 Airstrike                Air            18%        2d(3-19)  5%          4
 Iskenderun's Mystic Bla  Conj/Tloc      36%        2d9       5%          4
 Summon Lightning Spire   Summ/Air       36%        N/A       5%          4
 Agony                    Necr           36%        N/A       16%         5
 Lee's Rapid Deconstruct  Erth           18%        3d11*     16%         5
 Summon Mana Viper        Hex/Summ       36%        N/A       16%         5
 Storm Form               Tmut/Air       19%        N/A       98%         7
 Monstrous Menagerie      Summ           18%        N/A       99%         7
 Maxwell's Capacitive Co  Air            18%        ∞         100%        8
 Chain Lightning          Conj/Air       18%        3d24      100%        9
 Fire Storm               Conj/Fire      18%        8d5       100%        9
 Shatter                  Erth           18%        3d17*     100%        9


Dungeon Overview and Level Annotations

Branches:
Dungeon (11/15)            Temple (1/1) D:6            Lair (0/5) D:11
    Orc (1/2) D:9         Ossuary (visited)

Altars:
Ashenzari
Dithmenos
Elyvilon
Gozag
Hepliaklqana
Kikubaaqudgha
Makhleb
Nemelex Xobeh
Okawaru
Qazlal
Ru
Sif Muna
Trog
Uskayaw
Vehumet
Wu Jian
Xom
Yredelemnul
Zin

Shops:
D:3 :

Annotations:
D:3 Sigmund
D:4 1 runed translucent door, Crazy Yiuf
D:6 3 runed translucent doors, superbruh's ghost, novice OpBr


Innate Abilities, Weirdness & Mutations

You have very sharp teeth.
Your uncanny sense of smell can sniff out nearby items.
Your experience applies equally to all skills.


Message History

You closely miss the orc priest.
You bite the orc priest, but do no damage.
The orc priest is moderately wounded.
The orc priest hits you but does no damage.
You barely miss the orc priest.
You bite the orc priest, but do no damage.
The orc priest is moderately wounded.
The orc priest closely misses you.
You punch the orc priest!
You kill the orc priest!
You now have 3053 gold pieces (gained 6).
Items here: ))) [[.
Items here: ))) [[.
You now have 3058 gold pieces (gained 5).
Items here: ))) [[.
There is a staircase to the Orcish Mines here.
You start resting.
HP restored.
You climb downwards.
Welcome back to the Orcish Mines!
The ice devil disappears in a puff of smoke!
The smoke demon gestures at you. The sticky flame hits you.
The fire burns you terribly!
You are covered in liquid flames!
The sun demon completely misses you.
There is a staircase back to the Dungeon, spattered with blood here.
Unknown command.
You are covered in liquid flames!
The sun demon hits you!
You are engulfed in flames!!
The fire burns you terribly! The neqoxec gestures at you.
Something tries to feed on your intellect!
The smoke demon gestures at you. Beogh smites you!
* * * LOW HITPOINT WARNING * * *
The orc barely misses you. The orc hits you but does no damage.
The sun demon hits you!
* * * LOW HITPOINT WARNING * * *
You are engulfed in flames!
The fire burns you terribly!
You die...
Your body crumbles into a pile of gold.

$ ..$....... #.
.......... ..
.........##.##
.........$...#
.....).......##
.....)........#
#.4.o.3oo.....#
#@o......
....3oo.§.....#
$.$#..o.......##
...3..>..##...#
.......... .$#
........... ..
#.##....$.. # ..
#........


You could see an orc high priest, a sun demon (summoned), a smoke demon
(summoned), a neqoxec (summoned), an orc sorcerer, a red devil (summoned), an
orc wizard and 4 orcs.

Vanquished Creatures
  A boulder beetle (D:9)
  A two-headed ogre (D:11)
  3 death yaks
  2 manticores
  Joseph (D:10)
  A gargoyle (D:10)
  Psyche (D:11)
  Maggie (D:6)
  A kobold demonologist (D:8)
  2 trolls
  A wyvern (D:9)
  12 yaks
  A vampire (D:11)
  2 vampire mosquitoes (D:11)
  2 steam dragons (D:8)
  Eustachio (D:4)
  An acid dragon (D:7)
  5 ice beasts
  Duvessa (D:4)
  9 orc warriors
  A black bear (D:6)
  2 sky beasts
  3 ogres
  4 centaurs
  A phantom (D:5)
  9 kobold brigands
  5 bullfrogs
  4 scorpions
  4 water moccasin zombies (Ossuary)
  4 wights (D:6)
  4 killer bees (D:8)
  5 howler monkeys
  A hound (D:6)
  3 jellies
  8 orc priests
  A human zombie (D:8)
  2 gnoll boudas
  3 human skeletons (D:8)
  Jessica (D:2)
  6 iguanas
  Ijyb (D:3)
  Terence (D:2)
  9 orc wizards
  2 sleepcaps
  2 mummies (Ossuary)
  18 gnolls
  6 adders
  A shadow imp (D:7)
  3 white imps
  An ufetubus (D:5)
  5 adder zombies (Ossuary)
  A worm (D:5)
  4 dart slugs
  36 orcs
  7 bats
  2 endoplasms
  5 giant cockroaches
  16 goblins
  6 hobgoblins
  A quokka (D:2)
  8 ball pythons
  3 frilled lizards
  5 gnoll zombies (Ossuary)
  A hobgoblin zombie (Ossuary)
  38 kobolds
  3 kobold zombies (Ossuary)
  An orc skeleton (D:8)
  6 orc zombies
  6 rats
318 creatures vanquished.

Vanquished Creatures (collateral kills)
  A wraith (D:11)
  A warg (D:9)
  2 vampire mosquitoes (D:11)
  Dowan (D:4)
  A killer bee (D:8)
  An orc priest (D:5)
  An orc (D:5)
  A hobgoblin (D:3)
9 creatures vanquished.

Vanquished Creatures (others)
  A yak (D:11)
  A sky beast (D:8)
  A killer bee (D:8)
  Robin (D:3)
  3 orcs (Orc:1)
  A kobold (D:4)
  9 fulminant prisms
17 creatures vanquished.

Grand Total: 344 creatures vanquished

Notes
Turn   | Place    | Note
-------+----------+-------------------------------------------
     0 | D:1      | olmar the Gnoll Transmuter began the quest for the Orb.
     0 | D:1      | Reached XP level 1. HP: 17/17 MP: 6/6
   151 | D:1      | Reached XP level 2. HP: 6/23 MP: 7/7
   374 | D:1      | Learned a level 2 spell: Wereblood
   654 | D:2      | Reached skill level 5 in Spellcasting
   654 | D:2      | Reached XP level 3. HP: 28/28 MP: 7/9
   661 | D:2      | Learned a level 3 spell: Spider Form
   696 | D:2      | Reached skill level 1 in Invocations
   768 | D:2      | Noticed Jessica
   776 | D:2      | Killed Jessica
   777 | D:2      | Reached skill level 1 in Short Blades
   777 | D:2      | Reached skill level 1 in Long Blades
   777 | D:2      | Reached skill level 1 in Axes
   777 | D:2      | Reached skill level 1 in Maces & Flails
   777 | D:2      | Reached skill level 1 in Polearms
   777 | D:2      | Reached skill level 1 in Staves
   777 | D:2      | Reached skill level 1 in Ranged Weapons
   777 | D:2      | Reached skill level 1 in Throwing
   777 | D:2      | Reached skill level 1 in Armour
   777 | D:2      | Reached skill level 1 in Stealth
   777 | D:2      | Reached skill level 1 in Shields
   777 | D:2      | Reached skill level 1 in Evocations
   777 | D:2      | Reached XP level 4. HP: 23/34 MP: 6/11
  1051 | D:2      | Found a hazy altar of Hepliaklqana.
  1104 | D:2      | Noticed Terence
  1115 | D:2      | Killed Terence
  1116 | D:2      | Reached skill level 1 in Conjurations
  1116 | D:2      | Reached skill level 1 in Hexes
  1116 | D:2      | Reached skill level 1 in Summonings
  1116 | D:2      | Reached skill level 1 in Necromancy
  1116 | D:2      | Reached skill level 1 in Translocations
  1116 | D:2      | Reached skill level 1 in Fire Magic
  1116 | D:2      | Reached skill level 1 in Ice Magic
  1116 | D:2      | Reached skill level 1 in Air Magic
  1116 | D:2      | Reached skill level 1 in Earth Magic
  1116 | D:2      | Reached skill level 1 in Poison Magic
  1814 | D:3      | Reached XP level 5. HP: 21/41 MP: 9/12
  2108 | D:3      | Noticed Robin
  2122 | D:3      | Your ally Robin died
  2157 | D:3      | HP: 2/41 [gnoll/+0 flail (10)]
  2161 | D:3      | Reached XP level 6. HP: 4/47 MP: 13/13
  2472 | D:3      | Found Ofatusus's Book Boutique.
  2472 | D:3      | Noticed Ijyb
  2488 | D:3      | Killed Ijyb
  2489 | D:3      | Reached skill level 5 in Dodging
  2850 | D:3      | Found a faded altar of an unknown god.
  2898 | D:3      | Found a burning altar of Makhleb.
  3035 | D:3      | Noticed Sigmund
  3270 | D:4      | Noticed Dowan
  3271 | D:4      | Noticed Duvessa
  3283 | D:4      | Killed Dowan
  3315 | D:4      | Killed Duvessa
  3316 | D:4      | Reached XP level 7. HP: 28/52 MP: 15/15
  3807 | D:4      | Noticed Eustachio
  3841 | D:4      | Killed Eustachio
  4028 | D:4      | Found a runed translucent door.
  4029 | D:4      | Noticed Crazy Yiuf
  4319 | D:4      | Reached XP level 8. HP: 60/60 MP: 14/16
  4581 | D:5      | Entered Level 5 of the Dungeon
  4596 | D:5      | HP: 1/60 [orc priest/divine providence (15)]
  5558 | D:5      | Reached skill level 5 in Transmutations
  5575 | D:5      | Reached XP level 9. HP: 35/67 MP: 16/18
  6072 | D:6      | Noticed Maggie
  6098 | D:6      | Killed Maggie
  6099 | D:6      | Reached skill level 5 in Fighting
  6241 | D:6      | Found a broken altar of Ashenzari.
  6241 | D:6      | Found a basalt altar of Yredelemnul.
  6245 | D:6      | Found an ancient bone altar of Kikubaaqudgha.
  6245 | D:6      | Found an iron altar of Okawaru.
  6247 | D:6      | Found a hide-covered altar of Uskayaw.
  6248 | D:6      | Found a bloodstained altar of Trog.
  6589 | D:6      | Found a runed translucent gate.
  6589 | D:6      | Found a runed translucent gate.
  6589 | D:6      | Found a runed translucent gate.
  6590 | D:6      | Found an opulent altar of Gozag.
  6591 | D:6      | Found a staircase to the Ecumenical Temple.
  6591 | D:6      | Noticed a kobold demonologist
  6592 | D:6      | Noticed superbruh's ghost (novice OpBr)
  6624 | Temple   | Entered the Ecumenical Temple
  6796 | Temple   | Became a worshipper of Gozag Ym Sagoz the Greedy
  6920 | D:6      | Reached skill level 5 in Invocations
  8398 | D:7      | Noticed a troll
  8408 | D:7      | Killed a troll
  8409 | D:7      | Reached skill level 5 in Short Blades
  8409 | D:7      | Reached skill level 5 in Long Blades
  8409 | D:7      | Reached skill level 5 in Axes
  8409 | D:7      | Reached skill level 5 in Maces & Flails
  8409 | D:7      | Reached skill level 5 in Polearms
  8409 | D:7      | Reached skill level 5 in Staves
  8409 | D:7      | Reached skill level 5 in Ranged Weapons
  8409 | D:7      | Reached skill level 5 in Throwing
  8409 | D:7      | Reached skill level 5 in Armour
  8409 | D:7      | Reached skill level 5 in Stealth
  8409 | D:7      | Reached skill level 5 in Shields
  8409 | D:7      | Reached skill level 5 in Evocations
  8409 | D:7      | Reached XP level 10. HP: 54/76 MP: 16/20
  9090 | D:8      | Identified 2 scrolls of acquirement
  9090 | D:8      | Acquired 353 gold pieces
  9128 | D:8      | Acquired 755 gold pieces
  9325 | D:8      | Noticed a kobold demonologist
  9337 | D:8      | Killed a kobold demonologist
  9455 | D:8      | Found a sand-covered staircase.
  9466 | Ossuary  | Entered an ossuary
 10284 | D:8      | Learned a level 3 spell: Vampiric Draining
 10969 | D:9      | Learned a level 4 spell: Ice Form
 10973 | D:9      | Learned a level 3 spell: Volatile Blastmotes
 11513 | D:9      | Found a staircase to the Orcish Mines.
 11839 | D:10     | Entered Level 10 of the Dungeon
 11897 | D:10     | Reached skill level 5 in Conjurations
 11897 | D:10     | Reached skill level 5 in Hexes
 11897 | D:10     | Reached skill level 5 in Summonings
 11897 | D:10     | Reached skill level 5 in Necromancy
 11897 | D:10     | Reached skill level 5 in Translocations
 11897 | D:10     | Reached skill level 5 in Fire Magic
 11897 | D:10     | Reached skill level 5 in Ice Magic
 11897 | D:10     | Reached skill level 5 in Air Magic
 11897 | D:10     | Reached skill level 5 in Earth Magic
 11897 | D:10     | Reached skill level 5 in Poison Magic
 11897 | D:10     | Reached XP level 11. HP: 83/83 MP: 18/22
 12014 | D:10     | Learned a level 4 spell: Fulminant Prism
 12321 | D:10     | Noticed Joseph
 12342 | D:10     | Killed Joseph
 12749 | D:10     | Found a shimmering altar of Xom.
 12758 | D:10     | Found a shadowy altar of Dithmenos.
 12799 | Orc:1    | Entered Level 1 of the Orcish Mines
 12799 | Orc:1    | Noticed an orc sorcerer
 12800 | Orc:1    | Noticed an orc high priest
 12805 | Orc:1    | Noticed a boulder beetle
 12936 | D:11     | Noticed a manticore
 12936 | D:11     | Noticed a manticore
 13200 | D:10     | Killed a manticore
 13395 | D:11     | Noticed a death yak
 13396 | D:11     | Killed a manticore
 13579 | D:10     | Learned a level 4 spell: Summon Ice Beast
 13818 | D:11     | Noticed a death yak
 13819 | D:11     | Noticed a death yak
 13835 | D:11     | Killed a death yak
 14256 | D:10     | Killed a death yak
 14573 | D:11     | Killed a death yak
 14849 | D:11     | Found a staircase to the Lair.
 14878 | D:11     | Acquired the ring of Youthful Indiscretion {Ice rCorr
                  | Str+4}
 15098 | D:11     | Noticed Psyche
 15108 | D:11     | Killed Psyche
 15229 | D:11     | Noticed a two-headed ogre
 15244 | D:11     | Killed a two-headed ogre
 15245 | D:11     | Reached XP level 12. HP: 60/91 MP: 16/24
 15861 | D:9      | Killed a boulder beetle
 15926 | Orc:1    | Noticed a sun demon
 15946 | Orc:1    | Slain by a sun demon

Illustrated notes

Levels and vault maps discovered:
D:1:      minmay_arrival_four_houses, layout_rooms
D:2:      layout_loops_corners, basic_altar, mrwooster_statue_mirror,
          kennysheep_generic_room_8, uniq_terence, uniq_jessica
D:3:      layout_loops_corners, mainiacjoe_overflow_surrounded_room,
          fedhas_altar_4, serial_shops, shop,
          shapermc_ecumenical_altar_starsandcircs, minmay_crystal_water,
          uniq_robin, uniq_ijyb, uniq_sigmund
D:4:      minmay_clustersquares, layout_loops_corners, minivault_4,
          uniq_crazy_yiuf_cottage, uniq_eustachio, uniq_duvessa
D:5:      layout_gridville, nicolae_figureground_sparkle
D:6:      layout_gridville, grunt_temple_overflow_open,
          minmay_temple_entry_proselytizer, ebering_ghost_gozag, uniq_maggie
D:7:      layout_loops_corners
D:8:      layout_basic, nicolae_ossuary_entry_catacombs
D:9:      layout_long_grid, orc_0_dummy
D:10:     layout_rooms, mainiacjoe_overflow_swirl,
          chequers_hall_statues_corner_a, minivault_27,
          nicolae_elevator_lobby_asterisk, uniq_joseph
D:11:     layout_gridville, dpeg_lair_monsters, uniq_psyche
Temple:   nicolae_temple_bog_church
Orc:1:    layout_caves, basic_altar, minmay_shop_mass, nicolae_specific_store,
          rock_pile, uniq_erica

Skill      XL: |  1  2  3  4  5  6  7  8  9 10 11 12 |
---------------+-------------------------------------+-----
Spellcasting   | 5 6 7 8 9 |  9.0
Invocations    | 1 2 3 4 5 6 7 8 |  8.0
Short Blades   | 1 2 3 5 6 7 |  7.3
Long Blades    | 1 2 3 5 6 7 |  7.3
Axes           | 1 2 3 5 6 7 |  7.3
Maces & Flails | 1 2 3 5 6 7 |  7.3
Polearms       | 1 2 3 5 6 7 |  7.3
Staves         | 1 2 3 5 6 7 |  7.3
Ranged Weapons | 1 2 3 5 6 7 |  7.3
Throwing       | 1 2 3 5 6 7 |  7.3
Armour         | 1 2 3 5 6 7 |  7.3
Stealth        | 1 2 3 5 6 7 |  7.3
Shields        | 1 2 3 5 6 7 |  7.3
Evocations     | 1 2 3 5 6 7 |  7.3
Conjurations   | 1 2 3 4 5 6 |  6.0
Hexes          | 1 2 3 4 5 6 |  6.0
Summonings     | 1 2 3 4 5 6 |  6.0
Necromancy     | 1 2 3 4 5 6 |  6.0
Translocations | 1 2 3 4 5 6 |  6.0
Fire Magic     | 1 2 3 4 5 6 |  6.0
Ice Magic      | 1 2 3 4 5 6 |  6.0
Air Magic      | 1 2 3 4 5 6 |  6.0
Earth Magic    | 1 2 3 4 5 6 |  6.0
Poison Magic   | 1 2 3 4 5 6 |  6.0
Fighting       | 3 4 5 6 7 |  7.8
Transmutations | 4 5 6 7 |  7.2
Dodging        | 5 6 7 8 |  8.7
Unarmed Combat | 7 8 9 |  9.9

Action                     |  1- 3 |  4- 6 |  7- 9 | 10-12 || total
---------------------------+-------+-------+-------+-------++-------
  Melee: Unarmed           |    68 |   151 |   317 |   473 ||  1009
         Bite              |     5 |     9 |    30 |    27 ||    71
         Kick              |    13 |    19 |    41 |    38 ||   111
         Headbutt          |     9 |    14 |    31 |    28 ||    82
         Punch             |       |     3 |    12 |     7 ||    22
   Fire: Orcbow            |       |       |    14 |       ||    14
  Throw: Dart              |       |       |       |    20 ||    20
   Cast: Beastly Appendage |    16 |    22 |    20 |    13 ||    71
         Spider Form       |     1 |     1 |    10 |    11 ||    23
         Wereblood         |       |    16 |    22 |    26 ||    64
         Ice Form          |       |       |       |    15 ||    15
         Vampiric Draining |       |       |       |     2 ||     2
         Fulminant Prism   |       |       |       |     9 ||     9
         Summon Ice Beast  |       |       |       |    10 ||    10
  Evoke: Wand              |       |     6 |    16 |    30 ||    52
    Use: Potion            |     1 |     1 |     1 |     2 ||     5
         Scroll            |     1 |     3 |     3 |    18 ||    25
   Stab: Sleeping          |     1 |     2 |     4 |     3 ||    10
         Betrayed ally     |       |       |     1 |       ||     1
         Distracted        |       |       |       |     3 ||     3
 Armour: Robe              |    15 |    25 |    70 |    71 ||   181
         Skin              |       |       |       |    48 ||    48
  Dodge: Dodged            |    54 |    88 |   216 |   408 ||   766

Table legend: (Time is in decaauts)
 A = Elapsed time spent in this place.
 B = Non-inter-level travel time spent in this place.
 C = Inter-level travel time spent in this place.
 D = Time resting spent in this place.
 E = Time spent auto-exploring this place.
 F = Levels seen in this place.
 G = Mean time per level.
                   A        B        C        D        E       F      G
               +--------+--------+--------+--------+--------+-----+--------+
         Total |  15787 |  15293 |    494 |   3370 |   9133 |  14 | 1127.6 |
       Dungeon |  15282 |  14789 |    493 |   3194 |   8973 |  11 | 1389.3 |
        Temple |    193 |    193 |      0 |    145 |     12 |   1 |  193.0 |
  Orcish Mines |     22 |     22 |      0 |      0 |      0 |   1 |   22.0 |
       Ossuary |    289 |    289 |      0 |     31 |    147 |   1 |  289.0 |
               +--------+--------+--------+--------+--------+-----+--------+

Top non-repeatable levels by time:
    D:10: 2151 daAuts
     D:9: 1610 daAuts
    D:11: 1542 daAuts
     D:6: 1541 daAuts
     D:4: 1445 daAuts
     D:5: 1433 daAuts
     D:3: 1361 daAuts
     D:7: 1297 daAuts
     D:2: 1199 daAuts
     D:8: 1157 daAuts
     D:1: 539 daAuts
 Ossuary: 289 daAuts
  Temple: 193 daAuts
   Orc:1: 22 daAuts
